 Dungeon Crawl Stone Soup version 0.32-a0-7-ge934b4519a (webtiles) character file.

Game seed: 5040493228340679266

20 veles2001 the Slasher (level 2, 0/36 HPs)
             Began as a Human Berserker on Jan 14, 2024.
             Was a Follower of Trog.
             Succumbed to an adder's poison
             ... on level 2 of the Dungeon.
             The game lasted 00:01:34 (951 turns).

veles2001 the Slasher (Human Berserker)              Turns: 951, Time: 00:01:34

Health: 0/36       AC:  3    Str: 17    XL:     2   Next: 79%
Magic:  2/2        EV: 12    Int:  7    God:    Trog [*.....]
Gold:   79         SH:  0    Dex: 12    Spells: 1/1 levels left

rFire   . . .        a - +0 falchion
rCold   . . .        (no shield)
rNeg    . . .        b - +1 animal skin
rPois   .            (no helmet)
rElec   .            (no cloak)
rCorr   .            (no gloves)
SInv    .            (no boots)
Will    .....        (no amulet) Stlth
                     (no ring)
HPRegen 0.26/turn    (no ring)
MPRegen 0.08/turn

%: no passive effects
@: berserking, lethally poisoned (0 -> -7), very quick
A: explore regen
a: Renounce Religion, Berserk


You were on level 2 of the Dungeon.
You worshipped Trog.
Trog was aware of your devotion.
You visited 1 branch of the dungeon, and saw 2 of its levels.

You collected 79 gold pieces.

Inventory:

Hand Weapons
 a - a +0 falchion (weapon)
Armour
 b - a +1 animal skin (worn)
Potions
 c - a potion of mutation {unknown}
 d - a potion of degeneration {unknown}
 e - a potion of haste
 g - a potion of curing
 h - a potion of cancellation {unknown}


   Skills:
 + Level 3.2 Fighting
 + Level 3.3 Long Blades
 + Level 2.1 Armour
 + Level 2.4 Dodging


You had one spell level left.
You didn't know any spells.
Your spell library was empty.

Dungeon Overview and Level Annotations

Branches:
Dungeon (2/15)

Altars:


Innate Abilities, Weirdness & Mutations

You regain HP and MP as you explore.


Message History

The adder is lightly wounded.
The adder barely misses you. x2
You barely miss the adder.
The adder is lightly wounded.
The adder bites you but does no damage.
You hit the adder.
The adder is severely wounded.
The adder bites you. x2
You are poisoned.
The adder poisons you!
You barely miss the adder.
The adder is severely wounded.
You feel sick. The adder bites you.
You miss the adder.
The adder is severely wounded.
You feel sick. The adder misses you. The adder bites you but does no damage.
You hit the adder.
The adder is almost dead.
You feel sick. The adder bites you.
You are more poisoned.
The adder poisons you!
You barely miss the adder.
The adder is almost dead.
* * * LOW HITPOINT WARNING * * *
You feel sick. The adder bites you.
* * * LOW HITPOINT WARNING * * *
You are more poisoned.
The adder poisons you! The adder misses you.
A red film seems to cover your vision as you go berserk!
You feel yourself moving faster!
You feel mighty!
* * * LOW HITPOINT WARNING * * *
You feel very sick. The adder barely misses you.
You completely miss the adder.
The adder is almost dead.
* * * LOW HITPOINT WARNING * * *
You feel sick. The adder closely misses you.
You miss the adder.
The adder is almost dead.
You die...

*,,,,,,,* *,######## ******
*****,**** ##,#......#
,,,,,,* #.,#.####.# *******
#.*#.####.####
#.*#.#.......#
#############.##†#.##.##.#
######.........#.#.##.##.#
######.######.........##.#
####...######S@#########.##
####.#########.# #...#
####.#########.#** #...#
#....<..####....,* #...#
#.##.##.####...>,* ##.##
#.##.##.####..^..* #.#
#.##..#.####.....* ###.#
#.###.#.####.....# #...#
#.###.#.#######*** #.###


You could see an adder.

Vanquished Creatures
  3 endoplasms (D:1)
  2 giant cockroaches (D:1)
  3 goblins (D:1)
  4 ball pythons
  3 bats (D:1)
  A frilled lizard (D:2)
  4 rats (D:1)
20 creatures vanquished.

Notes
Turn   | Place    | Note
-------+----------+-------------------------------------------
     0 | D:1      | veles2001 the Human Berserker began the quest for the Orb.
     0 | D:1      | Reached XP level 1. HP: 18/18 MP: 1/1
    95 | D:1      | Reached XP level 2. HP: 18/24 MP: 2/2
   950 | D:2      | HP: 1/36 [poisoned by an adder]
   951 | D:2      | Succumbed to an adder's poison

Illustrated notes

Levels and vault maps discovered:
D:1:      psy_arrival_fountain, layout_basic, serial_rivers,
          chequers_serial_rivers_micro_b, chequers_serial_rivers_micro_d,
          chequers_serial_rivers_micro_a, chequers_serial_rivers_micro_b
D:2:      layout_loops_cross, serial_shops, nicolae_diamond_shop,
          basic_ecumenical_altar, kennysheep_donut, uniq_robin

Action                     || total
---------------------------++-------
  Melee: Falchion          ||    70
 Invoke: Berserk           ||     1
    Use: Scroll            ||     5
 Armour: Animal skin       ||    48
  Dodge: Dodged            ||    48

Table legend: (Time is in decaauts)
 A = Elapsed time spent in this place.
 B = Non-inter-level travel time spent in this place.
 C = Inter-level travel time spent in this place.
 D = Time resting spent in this place.
 E = Time spent auto-exploring this place.
 F = Levels seen in this place.
 G = Mean time per level.
                   A        B        C        D        E       F      G
               +--------+--------+--------+--------+--------+-----+--------+
         Total |    961 |    917 |     44 |      0 |    701 |   2 |  480.5 |
       Dungeon |    961 |    917 |     44 |      0 |    701 |   2 |  480.5 |
               +--------+--------+--------+--------+--------+-----+--------+

Top non-repeatable levels by time:
     D:1: 841 daAuts
     D:2: 119 daAuts
